Unix NetHack Version 5.0.0-0 post-release - last build May 23 2026 06:08:33 (1c0ff79ee797540d5714e4e18072db0edd9e58ae,branch:main).

Game began 2026-05-26 00:54:25, ended 2026-05-26 02:25:09.

Brudee, neutral female human Tourist

  ---  ---------   -------                     ------
  |(|..|........----.....-           -----     |((..|--
  ||-..%..{...|......--...         ---...--    |.`(.-.|     -------..
  |....|.....--------|....         -.......--  |((!.|%|     |.........
  -------|--.| ------|....        -.........---------.--+-- --........
       |...|.| |(.((|-...        .....G...|.......).......----....{...
       |...|.| |(.(.-...--     -..........|-..-.---..--.-....)..........
     -------.| |(.(.|-...-    |.....|....-|.....--|..|   --%.|........)-
     |.......| ------ ....|.. |..-..|....--.....[-|..|   -.).|  ..---.-.
     --------------  ---....-----.|.|   |..).- ...---- --....----  --|---
        |%(%?!.)][|  |.......-    |.|   |..........|...|........|  |....|
        |.........|--|....{...|   |.|   ----...........---......-  |%%.%|
    --  --|--------..|-.....[.--  ..|---   --.---.......      |..  ------
    |................--........----.|..|    |.| ----....      ...-----
    -+--........--.-.....-|---......|..|    |.|    --...      |....|.-.-
       ---..-|---..----..|..-------.-).d@M..-|---   ----      |.........---
         |.-|.. |..    --|....--  -----d  |....)|               -......-|.-
         -.--|---+-      |(...>|          |.._..|    |..|---------.|....|..--
         ..  .           -------          |[.....##)#%.............|---.....|
        -------                           -------    --.......------  ---..<|
                                                                        -----
Brudee the Excursionist     St:3 Dx:14 Co:17 In:12 Wi:11 Ch:14  Neutral S:11990
Dlvl:7  $:39 HP:0(88) Pw:35(35) AC:-5 Xp:9/2722 T:6076  Hungry  

Latest messages:
 The water nymph tries to take your suit but gives up.
 The water nymph disarms your dagger (at the ready).
 She stole a dagger.
 Your movements are now unencumbered.
 The water nymph pretends to be friendly.
 The water nymph tries to take your suit but gives up.
 The water nymph tries to take your gloves but gives up.
 You are no longer invisible.
 The water nymph tries to grab your suit but gives up.
 The water nymph stole an expensive camera (0:41).
 The water nymph tries to take your suit but gives up.
 The water nymph vanishes!
 You hear the chime of a cash register.
 The warg misses!
 The warg bites!
 The warg just misses!
 The warg bites!
 The warg bites!
 The warg bites!
 The warg misses!
 The warg bites!
 The warg bites!
 The warg bites!
 The warg bites!
 You hear someone cursing shoplifters.
 The warg bites!
 The warg bites!
 The warg bites!
 The warg bites!
 The warg bites!
 The warg bites!
 The warg bites!
 The warg misses!
 The warg bites!
 The warg misses!
 The warg bites!
 The warg bites!
 The warg bites!
 The warg bites!
 The warg bites!
 The warg bites!
 The warg bites!
 The warg bites!
 The human mummy hits!
 The human mummy hits again!
 The warg bites!
 The warg bites!
 You die...
 Do you want your possessions identified? [ynq] (y) y
 Do you want to see your attributes? [ynq] (y) q

Inventory:
 Coins    ('$')
  $ - 39 gold pieces
 Weapons  (')')
  O - a blessed +0 dart
  R - 2 +0 elven daggers
  T - a blessed +2 dwarvish short sword (alternate weapon; not wielded)
 Armor    ('[')
  z - a blessed +3 dwarvish iron helm (being worn)
  x - an uncursed +0 pair of leather gloves (being worn)
  q - an uncursed +0 alchemy smock with text "If you can't stand the heat, get out of Gehennom!"
  l - an uncursed +0 Hawaiian shirt with a parrot motif (being worn)
  y - an uncursed +1 dwarvish mithril-coat (being worn)
 Scrolls  ('?')
  c - an uncursed scroll of destroy armor
  d - a cursed scroll of gold detection
  k - an uncursed scroll of identify
  w - an uncursed scroll of light
  p - a cursed scroll of taming
 Potions  ('!')
  H - a cursed potion of booze
  L - a cursed potion of extra healing
  N - an uncursed potion of sleeping
 Wands    ('/')
  C - a wand of create monster (0:12)
  J - a wand of make invisible (0:2)
 Tools    ('(')
  i - a blessed bag of holding containing 30 items
  M - an empty uncursed sack
  u - an uncursed blindfold
  r - an uncursed oil lamp
  t - an uncursed skeleton key
  B - an uncursed stethoscope

Contents of the bag of holding:
  1138 gold pieces
  2 uncursed slime molds
  an uncursed clove of garlic
  a cursed eucalyptus leaf
  2 uncursed fortune cookies
  3 uncursed lembas wafers
  2 uncursed oranges
  an uncursed pear
  3 cursed sprigs of wolfsbane
  an uncursed tripe ration
  an uncursed spellbook of cancellation
  a cursed spellbook of cause fear
  a cursed spellbook of confuse monster
  an uncursed spellbook of invisibility
  a cursed spellbook of light
  an uncursed ring of polymorph control
  a wand of light (0:15)
  a wand of magic missile (0:2)
  a wand of make invisible (0:5)
  a cursed tinning kit (0:69)
  an uncursed towel
  a cursed garnet stone
  a cursed topaz stone
  a cursed worthless piece of green glass
  a cursed worthless piece of orange glass
  an uncursed worthless piece of violet glass
  an uncursed worthless piece of white glass
  a cursed worthless piece of white glass
  a cursed worthless piece of yellow glass
  2 uncursed worthless pieces of yellowish brown glass

Brudee the Tourist's attributes:

Background:
 You were an Excursionist, a level 9 female human Tourist.
 You were neutral, on a mission for The Lady
 who was opposed by Blind Io (lawful) and Offler (chaotic).
 You were right-handed.
 You were in the Gnomish Mines, on level 7.
 You entered the dungeon 6076 turns ago.
 It was nighttime.
 You had 2722 experience points, 2398 more were needed to attain level 10.
 Your score was 11990 before end-of-game adjustments.

Basics:
 You had 0 out of 88 hit points.
 You had all 35 energy points (spell power).
 Your armor class was -5.
 Your wallet contained 39 zorkmids, and
 you had 1138 more stashed away in your pack.
 Autopickup was on for '$!=+?/"' plus thrown.

Final Characteristics:
 Your strength was 3 (peak:11, limit:18/100).
 Your dexterity was 14 (limit:18).
 Your constitution was 17 (limit:18).
 Your intelligence was 12 (limit:18).
 Your wisdom was 11 (limit:18).
 Your charisma was 14 (peak:18, limit:18).

Final Status:
 You were hungry.
 You were unencumbered.
 You were empty handed.
 You were unskilled in bare handed combat.

Final Attributes:
 You were piously aligned.
 You were telepathic.
 You would have confused monsters when hitting them.
 You had a small defense bonus (+2).
 You were guarded.
 You were fast.
 You are dead.

Miscellaneous:
 You encountered 1 bones level.
 Total elapsed playing time was 1 hour, 30 minutes and 43 seconds.

Major events:
 Turn
    1: Brudee the neutral female human Tourist entered the dungeon
  743: attained the rank of Sightseer (level 3)
 1768: entered the Gnomish Mines
 2129: attained the rank of Excursionist (level 6)
 2326: reached Mine Town
 3667: was bestowed with Magicbane by The Lady
 6076: killed by a warg, while frozen by a floating eye's gaze

You didn't know any spells.

Skills:
 Fighting Skills
   bare handed combat [Unskilled]
   two weapon combat  [Unskilled]
   riding             [Unskilled]
 Weapon Skills
   dagger             [Unskilled]
   knife              [Unskilled]
   axe                [Unskilled]
   pick-axe           [Unskilled]
   short sword        [Unskilled]
   broadsword         [Unskilled]
   long sword         [Unskilled]
   two-handed sword   [Unskilled]
   saber              [Unskilled]
   mace               [Unskilled]
   morning star       [Unskilled]
   flail              [Unskilled]
   hammer             [Unskilled]
   quarterstaff       [Unskilled]
   polearms           [Unskilled]
   spear              [Unskilled]
   trident            [Unskilled]
   lance              [Unskilled]
   bow                [Unskilled]
   sling              [Unskilled]
   crossbow           [Unskilled]
   dart               [Basic]
   shuriken           [Unskilled]
   boomerang          [Unskilled]
   whip               [Unskilled]
   unicorn horn       [Unskilled]
 Spellcasting Skills
   divination spells  [Unskilled]
   enchantment spells [Unskilled]
   escape spells      [Unskilled]

Voluntary challenges:
 Character rerolling was not enabled.
 You never genocided any monsters.
 You never polymorphed an object.
 You never changed form.
 You used no wishes.
Achievements:
 You entered a shop.
 You attained the rank of Sightseer.
 You entered the Gnomish Mines.
 You attained the rank of Excursionist.
 You entered Minetown.
 You entered a temple.

 The Dungeons of Doom: levels 1 to 4
    Level 1:
       Many altars.
    Level 2:
       A potion shop, some fountains.
    Level 3:
       Stairs down to The Gnomish Mines.
    Level 4:
       An armor shop, a sink.
 The Gnomish Mines: levels 4 to 12
    Level 4:
    Level 5:
    Level 6:
    Level 7: <- You were here.
       Many shops, a temple and an altar to The Lady, many fountains.
       Final resting place for
          you, killed by a warg, while frozen by a floating eye's gaze.
    Level 8:
       A grave.
       Final resting place for
          jigsy-Arc-Dwa-Fem-Law, killed by a giant ant.
    Level 9:
    Level 10:
    Level 12:
       A fountain.


Vanquished creatures:
  a vampire
  a ghost
  a large mimic
  2 xans
  2 ettin mummies
  a freezing sphere
  a shocking sphere
 an ettin zombie
 an amorous demon
  a chameleon
  4 giant spiders
 an ice vortex
  a vampire bat
  2 orc mummies
  a dwarf mummy
  a lizard
  2 dwarf leaders
  a raven
  a human zombie
  a bugbear
  2 Uruk-hai
 an orc shaman
  3 fog clouds
  a yellow light
 15 gnome leaders
  2 gnomish wizards
  a kobold mummy
  2 elf zombies
  a giant ant
  3 floating eyes
 15 dwarves
  2 homunculi
  2 kobold leaders
  3 rothes
  a giant bat
  4 orc zombies
  2 dwarf zombies
  4 iguanas
  2 killer bees
 an acid blob
  a coyote
  a gas spore
  2 hobbits
  a hobgoblin
  2 giant rats
  3 cave spiders
  2 green molds
 49 gnomes
  a garter snake
  a gnome zombie
  7 geckos
  2 foxes
  3 goblins
  2 grid bugs
  6 lichens
  a kobold zombie
  7 newts
185 creatures vanquished.

No species were genocided or became extinct.

Game over:
                       ----------
                      /          \
                     /    REST    \
                    /      IN      \
                   /     PEACE      \
                  /                  \
                  |      Brudee      |
                  |     1177 Au      |
                  | killed by a warg |
                  |                  |
                  |                  |
                  |                  |
                  |       2026       |
                 *|     *  *  *      | *
        _________)/\\_//(\/(/\)/\//\/|_)_______

Aloha Brudee the Tourist...

You died in The Gnomish Mines on dungeon level 7 with 11950 points,
and 1177 pieces of gold, after 6076 moves.
You were level 9 with a maximum of 88 hit points when you died.

